AoeStats
← felizdia1444

Fortress

508359779Analyzed
3v3 RM · 9d ago on Sep 22, 2026· 61m 12s· 6 players
Game mode
Random Map
Map size
Large (8 player)
Population
200
Speed
Normal
Resources
Standard
Victory
Conquest
Starting age
Dark Age
Ending age
Imperial Age
RankedLock teamsTeams togetherTeam positionsShared explorationLock speedFull tech treeHidden civsTurbo modeCheats
Victory
Defeat
🇨🇴 Magyars · Colombia
628
+16
🇨🇱 Turks · Chile
579
+18
🇨🇿 Malians · Czechia
575
+17
🇨🇱 Chinese · Chile
640
-18
🇨🇱 Inca · Chile
621
-17
🇨🇱 Khmer · Chile
584
-22
Lamb Of God
9:14 Feudal Age
14:36 Castle Age
15:05 Fletching
18:35 Imperial Age
19:41 Horse Collar
21:12 Double-Bit Axe
22:33 Padded Archer Armor
31:10 Leather Archer Armor
33:18 Fortified Wall
33:30 Bow Saw
38:59 Two-Man Saw
40:01 Heavy Scorpion
43:27 Gold Mining
46:04 Artillery
46:35 Ballistics
56:19 Spies/Treason
59:24 Ring Archer Armor
58:17 Elite Janissary
58:59 Bodkin Arrow
ladyzika
1:04 Loom
8:23 Feudal Age
11:03 Double-Bit Axe
13:04 Horse Collar
16:58 Castle Age
16:47 Man-at-Arms
18:38 Wheelbarrow
19:10 Heavy Plow
21:00 Gold Mining
26:31 Imperial Age
25:51 Hand Cart
25:58 Town Watch
26:47 Long Swordsman
27:29 Squires
27:26 Crossbowman
28:51 Husbandry
29:40 Stone Mining
30:54 Thumb Ring
31:19 Capped Ram
32:42 Bow Saw
35:08 Caravan
35:06 Arbalester
36:55 Chemistry
36:06 Scale Barding Armor
36:09 Padded Archer Armor
36:10 Scale Mail Armor
36:21 Forging
36:02 Fletching
36:25 Fortified Wall
36:18 Murder Holes
36:04 Treadmill Crane
37:02 Cavalier
40:14 Chain Barding Armor
40:17 Leather Archer Armor
40:15 Masonry
41:53 Tigui
43:58 Town Patrol
46:10 Farimba
46:33 Conscription
47:00 Fervor
48:19 Plate Barding Armor
48:00 Chain Mail Armor
48:08 Ballistics
50:11 Hoardings
49:11 Elite Gbeto
51:43 Ring Archer Armor
51:45 Plate Mail Armor
51:14 Heated Shot
51:16 Guard Tower
52:04 Architecture
52:21 Iron Casting
51:52 Bodkin Arrow
52:15 Block Printing
52:53 Keep
52:48 Atonement
52:49 Devotion
55:34 Sappers
58:37 Clinker Construction
58:24 Herbal Medicine
59:05 Theocracy
58:50 Heresy
58:51 Sanctity
58:42 Redemption
58:45 Careening
57:58 Light Cavalry
58:49 Bloodlines
58:01 Elite Skirmisher
58:30 Arson
58:20 Spies/Treason
61:35 Carvel Hull
seniordavid21
0:27 Loom
17:11 Feudal Age
18:34 Wheelbarrow
17:48 Double-Bit Axe
17:45 Horse Collar
20:10 Scale Barding Armor
19:56 Fletching
20:09 Padded Archer Armor
22:57 Bloodlines
23:36 Town Watch
25:31 Gold Mining
30:42 Castle Age
31:43 Husbandry
31:07 Light Cavalry
31:57 Caravan
32:38 Chain Barding Armor
32:13 Bodkin Arrow
38:14 Hand Cart
46:10 Imperial Age
45:20 Treadmill Crane
46:02 Ballistics
45:52 Masonry
46:45 Hussar
46:52 Cavalier
49:17 Town Patrol
50:21 Chemistry
49:59 Plate Barding Armor
49:26 Bracer
50:20 Conscription
50:07 Corvinian Army
51:09 Hussar
53:01 Corvinian Army
55:07 Onager
56:02 Paladin
56:22 Elite Magyar Huszar
59:32 Spies/Treason
felizdia1444
0:49 Loom
10:03 Feudal Age
12:41 Wheelbarrow
11:52 Town Watch
14:13 Padded Archer Armor
14:25 Forging
14:15 Scale Mail Armor
14:21 Scale Barding Armor
20:49 Castle Age
19:20 Fletching
23:46 Crossbowman
23:48 Elite Skirmisher
24:59 Town Patrol
25:37 Pikeman
25:38 Man-at-Arms
26:04 Arson
27:45 Hand Cart
32:39 Imperial Age
35:19 Caravan
35:49 Coinage
46:09 Halberdier
Darkbrighto
3:50 Loom
8:35 Feudal Age
9:51 Double-Bit Axe
11:11 Gold Mining
11:46 Horse Collar
16:54 Castle Age
16:05 Wheelbarrow
18:32 Bow Saw
18:25 Heavy Plow
19:23 Stone Mining
23:19 Treadmill Crane
23:51 Fortified Wall
24:23 Wheelbarrow
24:31 Wheelbarrow
24:55 Gold Shaft Mining
24:59 Stone Shaft Mining
25:55 Hand Cart
25:26 Town Watch
28:28 Town Patrol
29:29 Elite Skirmisher
30:27 Thumb Ring
31:43 Andean Sling
34:52 Masonry
38:01 Imperial Age
37:00 Coinage
36:11 Champi Runner
36:52 Squires
36:37 Arson
37:42 Champi Warrior
38:16 Fletching
38:34 Elite Champi Warrior
39:29 Forging
39:21 Scale Mail Armor
39:23 Padded Archer Armor
39:19 Bodkin Arrow
40:04 Crop Rotation
39:36 Padded Archer Armor
39:37 Scale Mail Armor
40:57 Conscription
41:18 Pikeman
khamilo_z
0:46 Loom
8:42 Feudal Age
10:01 Man-at-Arms
10:27 Arson
12:07 Double-Bit Axe
13:00 Horse Collar
21:47 Castle Age
21:56 Elite Skirmisher
26:05 Imperial Age
28:49 Wheelbarrow
35:20 Squires
35:57 Long Swordsman
37:16 Two-Handed Swordsman
37:24 Pikeman
39:39 Conscription
49:02 Gold Mining
49:10 Halberdier
Connection lost

Rejoining the realm…

Still unreachable

The connection could not be restored.

Session expired

The server has moved on; the page needs a fresh start.